 Dungeon Crawl Stone Soup version 0.32-a0-314-g526f7d4993 (webtiles) character file.

Game seed: 16821359821002063838

204 dialectric the Covered (level 5, -10/46 HPs)
             Began as a Mountain Dwarf Fighter on Feb 15, 2024.
             Mangled by an ogre
             ... wielding a +0 giant club
              (12 damage)
             ... on level 4 of the Dungeon.
             The game lasted 00:02:57 (2113 turns).

dialectric the Covered (Mountain Dwarf Fighter)     Turns: 2113, Time: 00:02:58

Health: -10/46     AC:  9    Str: 20    XL:     5   Next: 52%
Magic:  0/5        EV: 10    Int:  9    God:
Gold:   109        SH:  0    Dex:  9    Spells: 4/4 levels left

rFire   . . .        a - +0 flail
rCold   . . .        (no shield)
rNeg    . . .        b - +0 scale mail
rPois   .            (no helmet)
rElec   .            o - +1 cloak
rCorr   .            (no gloves)
SInv    +            (no boots)
Will    ++...        r - amulet of guardian spirit Stlth
                     n - ring of willpower
HPRegen 0.27/turn    t - ring of see invisible
MPRegen 0.09/turn

%: guardian spirit
@: enlightened, flying
A: runic magic, artefact enchanting
a: no special abilities


You were on level 4 of the Dungeon.
You visited 1 branch of the dungeon, and saw 4 of its levels.

You collected 109 gold pieces.

Inventory:

Hand Weapons
 a - a +0 flail (weapon)
 g - a +1 dagger of venom
Missiles
 h - 6 atropa-tipped darts
 s - 4 curare-tipped darts (quivered)
Armour
 b - a +0 scale mail (worn)
 c - a +0 buckler
 o - a +1 cloak (worn)
Jewellery
 n - a ring of willpower (left hand)
 r - an amulet of guardian spirit (around neck)
 t - a ring of see invisible (right hand)
Wands
 q - a wand of digging (13)
 u - a wand of flame (18)
Scrolls
 e - 4 scrolls of identify {unknown}
 j - a scroll of torment {unknown}
 l - a scroll of fear {unknown}
 v - a scroll of revelation {unknown}
Potions
 d - 3 potions of might
 i - a potion of enlightenment
 k - a potion of degeneration {unknown}
 m - a potion of lignification {unknown}
 p - a potion of resistance {unknown}


   Skills:
 + Level 4.3 Fighting
 + Level 3.9 Maces & Flails
 + Level 4.3 Armour
 * Level 1.5 Dodging
 - Level 4.0 Shields


You had 4 spell levels left.
You didn't know any spells.
Your spell library contained the following spells:

 Spells                   Type           Power      Damage    Failure   Level
 Ensorcelled Hibernation  Hex/Ice        0%         N/A       61%         2
 Passwall                 Erth           0%         N/A       83%         3
 Swiftness                Air            0%         N/A       83%         3


Dungeon Overview and Level Annotations

Branches:
Dungeon (4/15)
 Temple: D:4-7

Altars:


Innate Abilities, Weirdness & Mutations

Your spellcasting is much less encumbered by armour.
You can use scrolls of enchantment on lesser artefacts.


Message History

The adder hisses angrily.
The phantom hits you but does no damage.
The adder bites you. The adder closely misses you.
The adder bites you but does no damage. The phantom attacks as it pursues you!
The phantom hits you.
The phantom blinks!
You blink.
The orc hits you but does no damage. The adder bites you.
You are poisoned.
The adder poisons you! The phantom attacks as it pursues you!
The phantom hits you. The orc attacks as it pursues you!
The orc hits you with a +0 flail.
As you read the scroll labelled SOYC CEELLAEFFEO, it crumbles to dust.
It is a scroll of amnesia.
You feel forgetful for a moment.
You feel sick. The adder misses you.
The phantom hits you but does no damage.
The orc hits you with a +0 flail! The adder misses you.
Found 17 gold pieces.
You feel sick. The phantom attacks as it pursues you! The phantom hits you.
* * * LOW HITPOINT WARNING * * *
The phantom blinks!
You blink.
The ogre hits you with a +0 giant club!
* * * LOW HITPOINT WARNING * * *
The adder bites you but does no damage.
You feel sick.
The phantom hits you but does no damage.
The orc attacks as it pursues you! The orc barely misses you.
It was a potion of enlightenment.
You feel very buoyant.
You fly up into the air.
You feel sick. The adder misses you. The phantom hits you.
* * * LOW HITPOINT WARNING * * *
The phantom blinks!
You blink.
Unknown command.
You feel sick.
You are no longer poisoned.
As you read the scroll labelled ITAONAPI HEVE, it crumbles to dust.
It is a scroll of enchant armour.
Your +0 cloak glows green for a moment.
The orc wizard barely misses you. The orc hits you but does no damage.
The phantom closely misses you. The ogre hits you with a +0 giant club!
You die...

.......... .## .. ....##
### ..# #.
#....#####.###..#.
#.##....#.....#......
##.......(.#........
###......######...#
#....oS..# ###....##
##...Ooo.###.......#
###..o@/......#.o..#
#.#..W.......###o..####
#............# #...##.#
#.............####...##..
##...[..........##..).#..
##..............##..##..
#.......#...........#..
#.......#........#..#..
####...##......####ยง...


You could see an ogre, a phantom, an orc wizard (invisible), an adder and 3
orcs.

Vanquished Creatures
  A scorpion (D:3)
  An adder (D:3)
  2 dart slugs
  2 ribbon worms (D:2)
  2 orcs
  5 ball pythons (D:1)
  3 endoplasms
  3 giant cockroaches
  5 hobgoblins
  6 jackals (D:3)
  A kobold (D:2)
  3 quokkas
  9 bats
  4 frilled lizards
  12 goblins
  9 rats
68 creatures vanquished.

Notes
Turn   | Place    | Note
-------+----------+-------------------------------------------
     0 | D:1      | dialectric the Mountain Dwarf Fighter began the quest for
                  | the Orb.
     0 | D:1      | Reached XP level 1. HP: 19/19 MP: 1/1
   170 | D:1      | Reached XP level 2. HP: 26/26 MP: 2/2
   320 | D:1      | Found a faded altar of an unknown god.
   729 | D:2      | Reached XP level 3. HP: 33/33 MP: 3/3
  1011 | D:2      | Reached XP level 4. HP: 37/40 MP: 4/4
  1547 | D:3      | Reached skill level 1 in Dodging
  1810 | D:3      | Reached XP level 5. HP: 46/46 MP: 5/5
  1976 | D:4      | Noticed a phantom
  2101 | D:4      | Noticed an ogre
  2111 | D:4      | HP: 2/46 [phantom (2)]
  2113 | D:4      | Mangled by an ogre

Illustrated notes

Levels and vault maps discovered:
D:1:      psy_arrival_whirlpool, layout_basic,
          hellmonk_ecumenical_altar_arch_garden, serial_corexii_hall,
          corexii_hall_statues_x, corexii_hall_statues_x
D:2:      layout_loops_ring
D:3:      layout_basic, minmay_goblin_kobold_house
D:4:      layout_cave_pools, ebering_ghost_rock_garden, minivault_4,
          nrook_mini_vaults, minmay_between

Skill      XL: |  1  2  3  4 |
---------------+-------------+-----
Maces & Flails | 3 |  3.9
Armour         | 4 |  4.3
Shields        | 4 |  4.0
Fighting       | 4 |  4.3
Dodging        | 1 |  1.5

Action                     |  1- 3 |  4- 6 || total
---------------------------+-------+-------++-------
  Melee: Flail             |    25 |    25 ||    50
         Dagger            |    86 |   111 ||   197
    Use: Scroll            |       |     2 ||     2
         Potion            |       |     1 ||     1
 Armour: Scale mail        |    64 |   132 ||   196
  Dodge: Dodged            |    69 |   103 ||   172

Table legend: (Time is in decaauts)
 A = Elapsed time spent in this place.
 B = Non-inter-level travel time spent in this place.
 C = Inter-level travel time spent in this place.
 D = Time resting spent in this place.
 E = Time spent auto-exploring this place.
 F = Levels seen in this place.
 G = Mean time per level.
                   A        B        C        D        E       F      G
               +--------+--------+--------+--------+--------+-----+--------+
         Total |   2125 |   2084 |     41 |     59 |   1463 |   4 |  531.2 |
       Dungeon |   2125 |   2084 |     41 |     59 |   1463 |   4 |  531.2 |
               +--------+--------+--------+--------+--------+-----+--------+

Top non-repeatable levels by time:
     D:3: 840 daAuts
     D:1: 725 daAuts
     D:2: 485 daAuts
     D:4: 74 daAuts
